 Dungeon Crawl Stone Soup version 0.29.1-15-g9cfb28693d (webtiles) character file.

Game seed: 2852395663925506915

9 protoss039 the Digger (level 2, 20/20 HPs)
             Began as a Demonspawn Earth Elementalist on Mar 3, 2023.
             Got out of the dungeon alive.
             The game lasted 00:00:43 (641 turns).

protoss039 the Digger (DsEE)                         Turns: 641, Time: 00:00:44

Health: 20/20      AC:  2    Str:  8    XL:     2   Next: 6%
Magic:  5/5        EV: 12    Int: 16    God:
Gold:   39         SH:  0    Dex: 13    Spells: 4/5 levels left

rFire   x . .      SeeInvis .   g - +0 short sword
rCold   + . .      Faith    .   (no shield)
rNeg    . . .      Spirit   .   a - +0 robe
rPois   .          Reflect  .   (helmet restricted)
rElec   .          Harm     .   (no cloak)
rCorr   +          Rampage  .   (no gloves)
Will    .....                   (no boots)
Stlth   ++........              (no amulet)
HPRegen 0.06/turn               e - ring of ice
MPRegen 0.09/turn               j - ring of resist corrosion

@: no status effects
A: horns 1
a: no special abilities


You escaped.
You visited 1 branch of the dungeon, and saw 1 of its levels.

You collected 39 gold pieces.

Inventory:

Hand Weapons
 g - a +0 short sword (weapon)
Armour
 a - a +0 robe (worn)
 f - a +0 leather armour
Jewellery
 e - a ring of ice (left hand)
 j - a ring of resist corrosion (right hand)
Scrolls
 c - a scroll of teleportation {unknown}
 d - a scroll of magic mapping {unknown}
 h - a scroll of torment {unknown}
Potions
 b - a potion of magic
 i - a potion of brilliance {unknown}


   Skills:
 + Level 0.8 Fighting
 - Level 1.7 Dodging
 - Level 1.7 Stealth
 + Level 2.2 Spellcasting
 - Level 0.8 Transmutations
 + Level 2.9 Earth Magic


You had 4 spell levels left.
You knew the following spells:

 Your Spells              Type           Power      Damage    Failure   Level
a - Sandblast             Erth           22%        2d7       6%          1

Your spell library contained the following spells:

 Spells                   Type           Power      Damage    Failure   Level
 Passwall                 Tmut/Erth      5%         N/A       14%         2
 Stone Arrow              Conj/Erth      12%        3d7       32%         3
 Petrify                  Tmut/Erth      7%         N/A       67%         4


Dungeon Overview and Level Annotations

Branches:
Dungeon (1/15) Zot: 5352

Altars:


Innate Abilities, Weirdness & Mutations

You have a pair of small horns on your head.


Message History

You are frozen.
You resist.
An endoplasm is nearby!
You hit the endoplasm but do no damage. The endoplasm hits you.
An endoplasm is nearby!
You barely miss the endoplasm.
The endoplasm hits you but does no damage.
An endoplasm is nearby!
You hit the endoplasm but do no damage. The endoplasm misses you.
Casting: Sandblast (safe; 6% risk of failure)
Confirm with . or Enter, or press ? or * to list all spells.
Aiming: Sandblast (safe; 6% risk of failure)
Press: ? - help, Shift-Dir - straight line, f - endoplasm
Aim: an endoplasm (98% to hit)
The blast of sand hits the endoplasm!
You kill the endoplasm!
You have reached level 2!
Your demonic ancestry asserts itself...
A pair of horns grows on your head!
You now have 26 gold pieces (gained 7).
You now have 39 gold pieces (gained 13).
A kobold comes into view. It is wielding a +0 dagger.
The kobold throws a stone.
The stone closely misses you.
A kobold is nearby!
A kobold is nearby!
A kobold is nearby!
Unknown command.
The kobold throws a stone.
The stone barely misses you.
Found a stone staircase leading down.
Casting: Sandblast (safe; 6% risk of failure)
Confirm with . or Enter, or press ? or * to list all spells.
Aiming: Sandblast (safe; 6% risk of failure)
Press: ? - help, Shift-Dir - straight line, f - kobold
Aim: a kobold, wielding a +0 dagger and quivering stones (77% to hit)
The blast of sand hits the kobold.
You kill the kobold!
Unknown command.
There is an open door here.
There is a staircase leading out of the dungeon here.
Are you sure you want to leave the Dungeon?
This will make you lose the game!
You have escaped!

#.# #..... #.# #.....
# #.####..... ##.
#..........
#.##..#####.#..###...
#..............# #.##
.#####.#####..# #...
#...#.# #..# ####
#.@.#.+ #..# #...#.#
#..# #.##'##.#####..#
#..............#
#.#####.##+##..# #
#.# #..# +.# #..# #.#
#.## #.# #.#


There were no monsters in sight!

Vanquished Creatures
  An endoplasm (D:1)
  A goblin (D:1)
  A hobgoblin (D:1)
  3 kobolds (D:1)
  A quokka (D:1)
  2 rats (D:1)
9 creatures vanquished.

Notes
Turn   | Place    | Note
-------+----------+-------------------------------------------
     0 | D:1      | protoss039 the Demonspawn Earth Elementalist began the
                  | quest for the Orb.
     0 | D:1      | Reached XP level 1. HP: 13/13 MP: 3/3
   552 | D:1      | Gained mutation: You have a pair of small horns on your
                  | head. [demonic ancestry]
   552 | D:1      | Reached XP level 2. HP: 17/20 MP: 3/5
   641 | D:$      | Got out of the dungeon alive.

Illustrated notes

Levels and vault maps discovered:
D:1:      minmay_arrival_four_houses, layout_loops_ring,
          shapermc_ecumenical_altar_flowoftime, serial_bayou_lake_a

Action                   || total
-------------------------++-------
Melee: Short sword       ||    15
       Unarmed           ||     6
 Cast: Sandblast         ||    13
Armor: Robe              ||     7
Dodge: Dodged            ||    24
